 Dungeon Crawl Stone Soup version 0.20.1-1-g8b1a95d (webtiles) character file.

169 Peloso the Covered (level 5, -3/41 HPs)
             Began as a Demonspawn Fighter on Oct 27, 2017.
             Killed from afar by an orc wizard (10 damage)
             ... with a puff of flame
             ... on level 3 of the Dungeon.
             The game lasted 00:05:21 (2142 turns).

Peloso the Covered (Demonspawn Fighter)             Turns: 2142, Time: 00:05:22

Health: -3/41      AC:  8    Str: 17    XL:     5   Next: 25%
Magic:  5/5        EV:  7    Int:  9    God:
Gold:   129        SH:  9    Dex: 13    Spells: 4/4 levels left

rFire    . . .     SeeInvis .   a - +0 long sword
rCold    . . .     Gourm    .   c - +0 shield
rNeg     . . .     Faith    .   b - +0 scale mail
rPois    .         Spirit   .   (no helmet)
rElec    .         Reflect  .   (no cloak)
rCorr    .         Harm     .   (no gloves)
MR       .....                  i - +0 pair of boots
Stlth    ..........             (no amulet)
Regen    0.2/turn               (no ring)
MPRegen  0.1/turn               (no ring)

@: no status effects
A: demonic guardian 1, rot immunity
a: no special abilities


You were on level 3 of the Dungeon.
You were not hungry.

You visited 1 branch of the dungeon, and saw 4 of its levels.

You collected 129 gold pieces.

Inventory:

Hand Weapons
 a - a +0 long sword (weapon)
Armour
 b - a +0 scale mail (worn)
 c - a +0 shield (worn)
 i - a +0 pair of boots (worn)
Wands
 t - a wand of polymorph (18/24)
Scrolls
 e - 6 scrolls of identify {unknown}
 k - 3 scrolls of remove curse {unknown}
 l - a scroll of immolation {unknown}
 m - 5 scrolls of teleportation {unknown}
 o - a scroll of amnesia {unknown}
 s - a scroll of fog {unknown}
Potions
 d - a potion of might
 g - a potion of resistance {unknown}
 h - 3 potions of heal wounds {unknown}
 j - 4 potions of lignification {unknown}
 n - 2 potions of curing {unknown}
 r - a potion of haste {unknown}
 u - a potion of mutation {unknown}
 v - a potion of invisibility {unknown}
Comestibles
 f - 4 bread rations
 q - a meat ration
 w - 3 fruits


   Skills:
 + Level 3.4 Fighting
 + Level 2.9 Long Blades
 + Level 4.0 Armour
 + Level 0.3 Dodging
 + Level 3.4 Shields


You had 4 spell levels left.
You didn't know any spells.

Dungeon Overview and Level Annotations

Branches:
Dungeon (4/15)
 Temple: D:4-7

Altars:
Fedhas


Innate Abilities, Weirdness & Mutations

A weak demonic guardian rushes to your aid.
You are immune to rotting.


Message History

The orc priest begins to cast a cantrip, but forgets the words!
Your ufetubus hits the orc wizard but does no damage.
Your ufetubus closely misses the orc wizard.
There is a stone staircase leading up here.
Your ufetubus hits the orc wizard but does no damage.
Your ufetubus hits the orc wizard. Something hits your ufetubus!
Your ufetubus dies!
The orc wizard hits you but does no damage.
You climb upwards.
There is a stone staircase leading down here.
You hit the orc wizard.
The orc wizard is heavily wounded.
The orc wizard casts a spell.
The orc wizard seems to speed up.
Your shield and scale mail prevent you from hitting the orc wizard.
The orc wizard is heavily wounded.
You block the orc wizard's attack.
The orc wizard gestures at you while chanting.
The puff of flame hits you!
You die...

.....#........##.####.......#
.##..#.##........# #.#####.#####
.............(..<# #.##.........
..####.######.#### #.##.##.#####
..####.# #...# #.......# .......#
#...#########...## ..######
#.........#####.# ###
......######...#####.......# #..
..##...#.......o@..#.#####.####..
......................>.##.......
.##....#........5..#.##.##.####†.
.##.#.######...#####.##....# #..
.##.### #............>....# ###
###.# #.#...#.#########.# #.#
#.#...#.# ####.#### #.# #...<##.#
#.......# ##.# #..####.#
#.##.##.###


You could see an orc wizard and a friendly iron imp.

Vanquished Creatures
  Natasha (twice) (D:3)
  2 adders (D:2)
  2 worms
  A dart slug (D:2)
  A ball python (D:3)
  2 giant cockroaches
  A goblin (D:2)
  2 hobgoblins
  7 jackals
  2 quokkas
  8 bats
  2 frilled lizards (D:2)
  2 kobolds (D:2)
  4 rats
38 creatures vanquished.

Vanquished Creatures (collateral kills)
  An ogre (D:4)
  A dart slug (D:3)
2 creatures vanquished.

Grand Total: 40 creatures vanquished

Notes
Turn   | Place    | Note
-------+----------+-------------------------------------------
     0 | D:1      | Peloso the Demonspawn Fighter began the quest for the Orb.
     0 | D:1      | Reached XP level 1. HP: 18/18 MP: 1/1
   428 | D:2      | Gained mutation: A weak demonic guardian rushes to your aid. [demonic ancestry]
   428 | D:2      | Reached XP level 2. HP: 24/24 MP: 2/2
   457 | D:2      | Reached skill level 3 in Armour
   855 | D:2      | Reached XP level 3. HP: 13/29 MP: 3/3
  1630 | D:3      | Noticed Natasha
  1635 | D:3      | Killed Natasha
  1681 | D:3      | Reached XP level 4. HP: 27/35 MP: 4/4
  1887 | D:3      | Noticed Natasha
  1892 | D:3      | Killed Natasha
  2072 | D:3      | Found a blossoming altar of Fedhas.
  2132 | D:4      | Noticed an ogre
  2136 | D:4      | Killed an ogre
  2136 | D:4      | Reached skill level 4 in Armour
  2136 | D:4      | Gained mutation: You are immune to rotting. [demonic ancestry]
  2136 | D:4      | Reached XP level 5. HP: 20/41 MP: 5/5
  2142 | D:3      | Killed from afar by an orc wizard

Skill      XL: |  1  2  3  4 |
---------------+-------------+-----
Armour         | 3 4 |  4.0
Long Blades    | 2 |  2.9
Shields        | 3 |  3.4
Fighting       | |  3.4
Dodging        | |  0.3

Action                   |  1- 3 |  4- 6 || total
-------------------------+-------+-------++-------
Melee: Long sword        |   101 |    33 ||   134
  Eat: Chunk             |     2 |     2 ||     4
Armor: Scale mail        |    82 |    14 ||    96
Dodge: Dodged            |    39 |    15 ||    54
Block: Shield            |    61 |    12 ||    73
       Rpst.: Long sword |    17 |     6 ||    23
